 Dungeon Crawl Stone Soup version 0.29.1-12-g30fa7ad0bf (webtiles) character file.

Game seed: 14153052129728183230

111 mopl the Stinger (level 5, -1/35 HPs)
             Began as a Formicid Venom Mage on Jan 16, 2023.
             Succumbed to a water moccasin's poison
             ... in a sewer.
             The game lasted 00:04:36 (2873 turns).

mopl the Stinger (Formicid Venom Mage)              Turns: 2873, Time: 00:04:36

Health: -1/35      AC:  7    Str: 14 (15) XL:     5   Next: 15%
Magic:  28/28      EV: 12    Int: 14      God:
Gold:   147        SH:  0    Dex: 14      Spells: 3/10 levels left

rFire   . . .      SeeInvis +   p - +0 spear
rCold   . . .      Faith    .   (no shield)
rNeg    . . .      Spirit   .   u - +1 robe {Will+}
rPois   .          Reflect  .   (helmet unavailable)
rElec   .          Harm     .   (no cloak)
rCorr   .          Rampage  .   r - +0 pair of gloves
Will    +....                   i - +0 pair of boots
Stlth   ++........              g - amulet of regeneration
HPRegen 0.91/turn               l - ring of magical power
MPRegen 0.21/turn               o - ring of magical power

@: lethally poisoned (-1 -> -12), invisible
A: permanent stasis, dig shafts and tunnels, antennae 3, four strong arms,
iridescent scales 1, deterioration 1, wild magic 1
a: Dig


You were in a sewer.
You visited 1 branch of the dungeon, and saw 4 of its levels.
You also visited: Sewer.

You collected 147 gold pieces.

Inventory:

Hand Weapons
 p - a +0 spear (weapon)
Missiles
 s - 3 poisoned darts
Armour
 i - a +0 pair of boots (worn)
 k - a +0 ring mail
 r - a +0 pair of gloves (worn)
 u - a +1 robe of willpower (worn)
Jewellery
 g - an amulet of regeneration (around neck)
 l - a ring of magical power (left hand)
 o - a ring of magical power (right hand)
Scrolls
 d - a scroll of blinking {unknown}
 f - a scroll of teleportation
 m - a scroll of enchant weapon {unknown}
 n - 2 scrolls of noise
Potions
 b - 2 potions of magic
 h - 2 potions of berserk rage {!q}
 q - a potion of invisibility
 t - a potion of lignification {unknown}


   Skills:
 - Level 1.7 Dodging
 - Level 2.4 Stealth
 + Level 3.4 Spellcasting
 - Level 1.1 Transmutations
 + Level 1.6 Air Magic
 + Level 5.4 Poison Magic


You had 3 spell levels left.
You knew the following spells:

 Your Spells              Type           Power      Damage    Failure   Level
a - Sting                 Tmut/Pois      60%        1d6       9%          1
b - Poisonous Vapours     Pois/Air       30%        N/A       12%         2
o - Olgreb's Toxic Radia  Pois           22%        N/A       30%         4

Your spell library contained the following spells:

 Spells                   Type           Power      Damage    Failure   Level
 Mephitic Cloud           Conj/Pois/Air  11%        N/A       32%         3


Dungeon Overview and Level Annotations

Branches:
Dungeon (4/15)              Sewer (1/1)
 Temple: D:4-7

Altars:
Nemelex Xobeh

Annotations:
D:3 Grinder


Innate Abilities, Weirdness & Mutations

You cannot be hasted, slowed, berserked, paralysed or teleported.
You can dig through walls and to a lower floor.
You have a pair of large antennae on your head. (SInv)
Your four strong arms can wield two-handed weapons with a shield.
You are partially covered in iridescent scales. (AC +2)
Your body sometimes deteriorates upon taking damage.
Your spells are a little harder to cast, but a little more powerful.


Message History

The water moccasin is moderately wounded.
The water moccasin bites you. x2
You hit the water moccasin but do no damage.
The water moccasin is moderately wounded.
The water moccasin bites you.
You miss the water moccasin.
The water moccasin is moderately wounded.
The water moccasin bites you but does no damage.
The water moccasin misses you.
You hit the water moccasin but do no damage.
You punch the water moccasin, but do no damage.
The water moccasin is moderately wounded.
The water moccasin bites you but does no damage.
You hit the water moccasin.
The water moccasin is heavily wounded.
The water moccasin bites you.
You are poisoned.
The water moccasin poisons you! The water moccasin bites you.
You are lethally poisoned!
The water moccasin poisons you!
It was a potion of mutation.
You feel extremely strange.
Iridescent scales grow over part of your body.
You feel yourself wasting away.
You feel less in control of your magic.
* * * LOW HITPOINT WARNING * * *
You feel extremely sick. The water moccasin bites you.
* * * LOW HITPOINT WARNING * * *
It was a potion of haste.
Your stasis prevents you from being hasted.
* * * LOW HITPOINT WARNING * * *
Your body deteriorates!
You feel weakened.
You feel very sick. The water moccasin barely misses you.
The water moccasin completely misses you.
You feel better. The water moccasin bites you!
* * * LOW HITPOINT WARNING * * *
You are lethally poisoned!
The water moccasin poisons you!
It was a potion of invisibility.
You fade into invisibility!
You die...

##...## ##.## #.#
#.# ### #.# ....
#.# ..... #.#
$.....####.#######
$.....S@.........∩
$.....############
..... .... ###


You could see a water moccasin (unable to see you).

Vanquished Creatures
  2 adders
  3 worms
  A dart slug (D:2)
  3 orcs (D:3)
  6 endoplasms
  5 giant cockroaches
  6 goblins
  7 hobgoblins
  3 jackals (D:1)
  8 quokkas
  5 ball pythons
  10 bats
  4 frilled lizards
  6 kobolds
  4 rats
73 creatures vanquished.

Notes
Turn   | Place    | Note
-------+----------+-------------------------------------------
     0 | D:1      | mopl the Formicid Venom Mage began the quest for the Orb.
     0 | D:1      | Reached XP level 1. HP: 13/13 MP: 3/3
   147 | D:1      | Reached XP level 2. HP: 7/19 MP: 0/5
   348 | D:1      | Learned a level 2 spell: Poisonous Vapours
   723 | D:1      | Reached XP level 3. HP: 24/24 MP: 0/7
   840 | D:1      | Found a faded altar of an unknown god.
   977 | D:2      | You fall into a shaft and drop 1 floor!
  1243 | D:2      | Reached skill level 3 in Spellcasting
  1243 | D:2      | Reached skill level 1 in Air Magic
  1652 | D:2      | Reached XP level 4. HP: 30/30 MP: 8/8
  1964 | D:3      | Learned a level 4 spell: Olgreb's Toxic Radiance
  1977 | D:3      | Noticed Grinder
  1994 | D:3      | Reached skill level 5 in Poison Magic
  2050 | D:3      | Found a sparkling altar of Nemelex Xobeh.
  2762 | D:4      | Reached XP level 5. HP: 35/35 MP: 10/10
  2806 | D:4      | Found a glowing drain.
  2823 | Sewer    | Entered a sewer
  2846 | Sewer    | Noticed a water moccasin
  2870 | Sewer    | Gained mutation: You are partially covered in iridescent
                  | scales. (AC +2) [potion of mutation]
  2870 | Sewer    | Gained mutation: Your body sometimes deteriorates upon
                  | taking damage. [potion of mutation]
  2870 | Sewer    | Gained mutation: Your spells are a little harder to cast,
                  | but a little more powerful. [potion of mutation]
  2873 | Sewer    | Succumbed to a water moccasin's poison

Illustrated notes

Levels and vault maps discovered:
D:1:      lightli_arrival_isolated_outpost, layout_loops_ring,
          ebering_ecumenical_altar_mist
D:2:      layout_loops_corners
D:3:      layout_basic, nemelex_xobeh_ov_fountains_minmay, grunt_ministairs_6,
          uniq_grinder
D:4:      layout_basic, nicolae_elyvilon_temple_path, dk_yredelemnul_ordeal,
          serial_shops, nicolae_shop_advertising_works
          [nicolae_subvault_shop_adworks], gup_sewer_entry_pipe,
          ebering_ghost_sewer_f
Sewer:    sewer_big_baddie

Skill      XL: |  1  2  3  4 |
---------------+-------------+-----
Spellcasting   | 3 |  3.4
Air Magic      | 1 |  1.6
Poison Magic   | 5 |  5.4
Dodging        | |  1.7
Stealth        | |  2.4
Transmutations | |  1.1

Action                   |  1- 3 |  4- 6 || total
-------------------------+-------+-------++-------
Melee: Unarmed           |    26 |       ||    26
       Spear             |       |    58 ||    58
       Punch             |       |     1 ||     1
 Cast: Sting             |    70 |    75 ||   145
  Use: Potion            |       |     5 ||     5
       Scroll            |       |     2 ||     2
 Stab: Sleeping          |       |     1 ||     1
Armor: Robe              |    14 |    24 ||    38
Dodge: Dodged            |    33 |    70 ||   103
